 Dungeon Crawl Stone Soup version 0.30.1-11-g7821555f0a (webtiles) character file.

Game seed: 12468853584469106402

3350 lonewolfV2 the Fighter (level 10, 0/85 HPs)
             Began as a Formicid Fighter on Nov 16, 2023.
             Was a Follower of Qazlal.
             Shot with an arrow by a centaur (7 damage)
             ... on level 9 of the Dungeon.
             The game lasted 00:08:42 (8340 turns).

lonewolfV2 the Fighter (Formicid Fighter)           Turns: 8340, Time: 00:08:42

Health: 0/85       AC: 11    Str: 26    XL:     10   Next: 22%
Magic:  10/10      EV:  8    Int:  7    God:    Qazlal [*.....]
Gold:   397        SH:  9    Dex: 13    Spells: 9/9 levels left

rFire   . . .        n - +5 battleaxe (flame)
rCold   . . .        c - +1 buckler
rNeg    . . .        B - +0 chain mail
rPois   .            (helmet unavailable)
rElec   .            t - +1 cloak
rCorr   .            (no gloves)
SInv    +            (no boots)
Will    ++...        (no amulet) Stlth
                     f - ring of willpower
HPRegen 0.34/turn    (no ring)
MPRegen 0.12/turn

%: no passive effects
@: no status effects
A: permanent stasis, dig shafts and tunnels, antennae 3, four strong arms
a: Dig, Shaft Self, Renounce Religion


You were on level 9 of the Dungeon.
You worshipped Qazlal.
Qazlal was aware of your devotion.
You visited 2 branches of the dungeon, and saw 10 of its levels.

You collected 487 gold pieces.
You spent 90 gold pieces at shops.

Inventory:

Hand Weapons
 a - a +0 war axe
 n - a +5 battleaxe of flaming (weapon)
Missiles
 y - 2 throwing nets
Armour
 b - a +0 scale mail
 c - a +1 buckler (worn)
 t - a +1 cloak (worn)
 B - a +0 chain mail (worn)
Jewellery
 f - a ring of willpower (left hand)
 z - a +6 ring of intelligence
Wands
 p - a wand of flame (15)
 u - a wand of paralysis (1)
 v - a wand of mindburst (26)
 C - a wand of iceblast (24)
Scrolls
 g - 4 scrolls of fog
 A - a scroll of fear
 F - 2 scrolls of magic mapping
Potions
 d - a potion of might
 e - 3 potions of mutation
 h - 4 potions of curing
 i - 2 potions of flight
 j - 3 potions of brilliance
 k - 8 potions of heal wounds
 l - 2 potions of magic
 m - 3 potions of degeneration
 o - 2 potions of lignification
 q - 2 potions of haste {unknown}
 s - 2 potions of attraction
 w - a potion of cancellation {unknown}
 D - 3 potions of invisibility


   Skills:
 - Level 10.0 Fighting
 + Level 9.7 Axes
 - Level 3.2 Armour
 * Level 8.1 Shields


You had 9 spell levels left.
You didn't know any spells.
Your spell library contained the following spells:

 Spells                   Type           Power      Damage    Failure   Level
 Sandblast                Erth           0%         2d4       95%         1
 Ensorcelled Hibernation  Hex/Ice        0%         N/A       99%         2
 Passwall                 Tmut/Erth      0%         N/A       99%         2
 Scorch                   Fire           0%         2d5       99%         2
 Stone Arrow              Conj/Erth      0%         3d7       100%        3
 Manifold Assault         Tloc           0%         N/A       100%        4
 Fireball                 Conj/Fire      0%         3d3       100%        5
 Plasma Beam              Fire/Air       0%         2x1d11    100%        6
 Malign Gateway           Summ/Tloc      0%         N/A       100%        7
 Storm Form               Tmut/Air       0%         N/A       100%        7
 Summon Horrible Things   Summ           0%         N/A       100%        8
 Blink                    Tloc           Unusable   N/A       N/A         2
 Swiftness                Air            Unusable   N/A       N/A         3

Dungeon Overview and Level Annotations

Branches:
Dungeon (9/15)             Temple (1/1) D:5
   Lair: D:8-11         Orc: D:9-12

Altars:
Ashenzari
Cheibriados
Dithmenos
Elyvilon
Fedhas
Gozag
Okawaru
Qazlal
Ru
Trog
Uskayaw
Yredelemnul
Zin
The Shining One

Shops:
D:1 (   D:8 ?:


Innate Abilities, Weirdness & Mutations

You cannot be hasted, slowed, berserked, paralysed or teleported.
You can dig through walls and to a lower floor.
You have a pair of large antennae on your head. (SInv)
Your four strong arms can wield two-handed weapons with a shield.


Message History

You hear a howl!
There are monsters nearby!
The electric eel shoots out a bolt of lightning at you!
The bolt of electricity hits you!
The electric eel shoots out a bolt of lightning at you!
The bolt of electricity hits you but does no damage.
A centaur comes into view.
You block the bullfrog's attack.
You hear a howl! x2
You slice the bullfrog!! You burn the bullfrog!
You kill the bullfrog!
Qazlal accepts your kill.
The electric eel shoots out a bolt of lightning at you!
The bolt of electricity hits you!
The centaur wields a +0 shortbow.
The centaur shoots an arrow.
You block the arrow.
Your Shields skill increases to level 8!
The electric eel shoots out a bolt of lightning at you!
The bolt of electricity hits you!
The centaur shoots an arrow.
The arrow hits you.
You hear a bark!
You see here a bullfrog corpse.
The centaur shoots an arrow.
The arrow hits you.
The electric eel shoots out a bolt of lightning at you!
The bolt of electricity hits you.
The centaur shoots an arrow.
The arrow hits you!
You see here a bullfrog corpse.
The centaur shoots an arrow.
The arrow barely misses you.
The electric eel shoots out a bolt of lightning at you!
The bolt of electricity hits you.
The centaur shoots an arrow.
The arrow barely misses you.
The centaur shoots an arrow.
The arrow hits you!
* * * LOW HITPOINT WARNING * * *
The centaur shoots an arrow.
The arrow hits you.
* * * LOW HITPOINT WARNING * * *
The electric eel shoots out a bolt of lightning at you!
The bolt of electricity hits you!
* * * LOW HITPOINT WARNING * * *
The centaur shoots an arrow.
You block the arrow.
The centaur shoots an arrow.
The arrow hits you!
You die...

##.# #......##.##.#
#.# #......##.##.#
#.# #......##.##.#
##.###......##.##.#
.....#.........##.#
.....#......#####.##
.....#......#......#
.....#......#......#
.....#......#...@..#
.....############.##
(....# ######.##
##'### #.......#
##.# #....†..# ...#
#.......# #.##
#.........# #.#
.........c..# #..
.....S......#


You could see a centaur.

Vanquished Creatures
  Grinder (D:5)
  Sigmund (D:6)
  A water moccasin (D:6)
  2 ice beasts
  A sky beast (D:6)
  An orc warrior (D:8)
  A black bear (D:5)
  3 ogres
  3 centaurs
  3 phantoms
  Blork the orc (D:5)
  4 scorpions
  A bullfrog (D:9)
  A gnoll sergeant (D:7)
  5 wights (D:8)
  6 howler monkeys
  2 orc priests (D:4)
  6 hounds
  A jelly (D:6)
  Crazy Yiuf (D:5)
  2 sleepcaps (D:5)
  2 iguanas
  4 orc wizards
  A mummy (D:6)
  9 adders
  5 gnolls
  3 shadow imps
  A white imp (D:6)
  An ufetubus (D:4)
  4 worms
  3 dart slugs
  20 orcs
  5 bats
  8 endoplasms
  3 giant cockroaches
  13 goblins
  10 hobgoblins
  2 jackals (D:2)
  13 kobolds
  4 quokkas
  6 ball pythons
  A frilled lizard (D:2)
  9 rats
174 creatures vanquished.

Notes
Turn   | Place    | Note
-------+----------+-------------------------------------------
     0 | D:1      | lonewolfV2 the Formicid Fighter began the quest for the
                  | Orb.
     0 | D:1      | Reached XP level 1. HP: 18/18 MP: 1/1
    71 | D:1      | Reached XP level 2. HP: 19/24 MP: 2/2
   308 | D:1      | Found a faded altar of an unknown god.
   323 | D:1      | Reached XP level 3. HP: 19/30 MP: 3/3
   529 | D:1      | Reached skill level 4 in Fighting
   649 | D:1      | Found Vocagg's Weapon Boutique.
  1063 | D:2      | Found a glowing silver altar of Zin.
  1070 | D:2      | Reached XP level 4. HP: 37/37 MP: 4/4
  1553 | D:2      | Reached XP level 5. HP: 42/43 MP: 5/5
  2125 | D:3      | Found a broken altar of Ashenzari.
  2126 | D:3      | Found a basalt altar of Yredelemnul.
  2126 | D:3      | Found an iron altar of Okawaru.
  2157 | D:3      | Reached skill level 5 in Fighting
  2307 | D:3      | Found a blossoming altar of Fedhas.
  2620 | D:3      | Identified a scroll of acquirement
  2620 | D:3      | Acquired a +2 battleaxe of flaming
  2722 | D:4      | Found an opulent altar of Gozag.
  2897 | D:4      | Reached XP level 6. HP: 44/51 MP: 6/6
  3362 | D:5      | Entered Level 5 of the Dungeon
  3362 | D:5      | Noticed an ogre
  3364 | D:5      | Killed an ogre
  3365 | D:5      | Reached skill level 6 in Fighting
  3365 | D:5      | Reached skill level 5 in Axes
  3365 | D:5      | Reached XP level 7. HP: 31/58 MP: 7/7
  3987 | D:5      | Noticed Blork the orc
  3987 | D:5      | Noticed Grinder
  3996 | D:5      | Killed Blork the orc
  3999 | D:5      | Killed Grinder
  4000 | D:5      | Reached skill level 7 in Fighting
  4000 | D:5      | Reached XP level 8. HP: 19/67 MP: 8/8
  4312 | D:5      | Found a staircase to the Ecumenical Temple.
  4335 | Temple   | Entered the Ecumenical Temple
  4346 | Temple   | Became a worshipper of Qazlal Stormbringer
  4558 | D:5      | Reached skill level 8 in Fighting
  4810 | D:5      | Found a runed translucent door.
  4811 | D:5      | Noticed Crazy Yiuf
  5072 | D:5      | Killed Crazy Yiuf
  5294 | D:6      | Noticed Sigmund
  5299 | D:6      | Killed Sigmund
  5309 | D:6      | Found a white marble altar of Elyvilon.
  5383 | D:6      | Found a bloodstained altar of Trog.
  5452 | D:6      | Reached XP level 9. HP: 73/75 MP: 9/9
  5582 | D:6      | You fall into a shaft and drop 2 floors!
  5592 | D:8      | Reached skill level 9 in Fighting
  5852 | D:8      | Reached * piety under Qazlal
  6221 | D:7      | Reached skill level 10 in Fighting
  6538 | D:6      | Found a glowing golden altar of the Shining One.
  6993 | D:6      | Got the Secrets of Cinders
  7031 | D:6      | Reached skill level 5 in Shields
  7149 | D:6      | Reached XP level 10. HP: 74/85 MP: 10/10
  7362 | D:7      | Found a sacrificial altar of Ru.
  7767 | D:8      | Found a shadowy altar of Dithmenos.
  7835 | D:8      | Reached ** piety under Qazlal
  8148 | D:8      | Found Unytoug's Tiny Tomes.
  8197 | D:8      | Found Ejosuj's Magic Scroll Shop.
  8200 | D:8      | Bought a scroll of enchant weapon for 90 gold pieces
  8340 | D:9      | Shot with an arrow by a centaur

Illustrated notes

Levels and vault maps discovered:
D:1:      zelgadis_glass_arrival_small, layout_rooms, serial_shops, shop,
          shapermc_ecumenical_altar_mp_highgroup
D:2:      layout_basic, basic_altar, ebering_dispersal_statue_hall,
          minmay_indecisive_spiral
D:3:      minmay_chambers_of_twos, layout_rooms, fedhas_altar_3,
          gammafunk_temple_overflow_claw
D:4:      layout_loops_ring, grunt_gozag_statues, minmay_crystal_room
D:5:      layout_loops_corners, minmay_temple_entry_grid, uniq_blork_the_orc,
          uniq_grinder, uniq_crazy_yiuf_cottage
D:6:      kennysheep_six_static_rooms, layout_loops_ring,
          mainiacjoe_overflow_concentric_impassable,
          nicolae_tso_swordbearing_angel, amcnicky_altar_gilded,
          gup_ossuary_entry_pyramid, uniq_sigmund
D:7:      layout_cave_pools, mainiacjoe_overflow_cross_hatched, enter_bailey_6,
          minmay_misc_feat_nine_boxes
D:8:      layout_rooms, nicolae_dithmenos_through_a_glass_darkly, serial_shops,
          nicolae_shop_rolled_up, nicolae_shop_i_like_small_books_too
D:9:      hangedman_cross_veins, layout_basic, lemuel_tele_altar,
          erik_lair_island, serial_shops, shop
Temple:   dpeg_three_leaves_temple

Skill      XL: |  1  2  3  4  5  6  7  8  9 10 |
---------------+-------------------------------+-----
Fighting       | 4 5 6 7 8 10 | 10.0
Axes           | 3 4 5 6 7 9 |  9.7
Shields        | 6 8 |  8.1
Armour         | |  3.2

Action                     |  1- 3 |  4- 6 |  7- 9 | 10-12 || total
---------------------------+-------+-------+-------+-------++-------
  Melee: War axe           |    98 |   120 |       |       ||   218
         Battleaxe         |       |    46 |   153 |    32 ||   231
    Use: Scroll            |     4 |    10 |     2 |    14 ||    30
 Armour: Scale mail        |    54 |    89 |    53 |       ||   196
         Chain mail        |       |       |    35 |    20 ||    55
  Dodge: Dodged            |    52 |    86 |    84 |    10 ||   232
  Block: Buckler           |    30 |    49 |    52 |    17 ||   148
